 Dungeon Crawl Stone Soup version 0.28.0-53-g5a82cb258f (webtiles) character file.

Game seed: 712548953814562019

131 Gabide the Skirmisher (level 5, -10/42 HPs)
             Began as a Human Monk on May 31, 2022.
             Mangled by Terence
             ... wielding a +0 falchion
              (11 damage)
             ... on level 2 of the Dungeon.
             The game lasted 00:03:44 (2189 turns).

Gabide the Skirmisher (Human Monk)                  Turns: 2189, Time: 00:03:45

Health: -10/42     AC:  2    Str: 11    XL:     5   Next: 37%
Magic:  5/5        EV: 14    Int: 10    God:
Gold:   125        SH:  0    Dex: 18    Spells: 4/4 levels left

rFire   . . .      SeeInvis .   a - +0 spear
rCold   . . .      Faith    .   (no shield)
rNeg    . . .      Spirit   .   b - +0 robe
rPois   .          Reflect  .   (no helmet)
rElec   .          Harm     .   (no cloak)
rCorr   .          Rampage  .   (no gloves)
Will    .....                   (no boots)
Stlth   ++........              (no amulet)
HPRegen 0.14/turn               (no ring)
MPRegen 0.09/turn               (no ring)

@: no status effects
A: no striking features
a: no special abilities


You were on level 2 of the Dungeon.
You visited 1 branch of the dungeon, and saw 2 of its levels.

You collected 125 gold pieces.

Inventory:

Hand Weapons
 a - a +0 spear (weapon)
Armour
 b - a +0 robe (worn)
 g - an orb of guile
Wands
 h - a wand of polymorph (2)
Scrolls
 c - a scroll of teleportation {unknown}
 e - a scroll of noise
 f - a scroll of vulnerability {unknown}
 i - a scroll of enchant armour {unknown}
 j - a scroll of amnesia {unknown}


   Skills:
 + Level 4.1 Fighting
 + Level 4.0 Polearms
 + Level 4.0 Dodging
 - Level 2.0 Stealth


You had 4 spell levels left.
You didn't know any spells.
Your spell library contained the following spells:

 Spells                   Type           Power      Damage    Failure   Level
 Slow                     Hex            0%         N/A       36%         1
 Confusing Touch          Hex            0%         N/A       75%         3
 Vampiric Draining        Necr           0%         2d6       75%         3


Dungeon Overview and Level Annotations

Branches:
Dungeon (2/15)

Altars:

Annotations:
D:2 Terence


Message History

Press: ? - help, Dir - move target, f/p - Terence
Aim: Terence, wielding a +0 falchion and wearing a +0 scale mail (almost dead, about 30% to evade your +0 spear)
You reach to attack!
You hit Terence but do no damage.
Terence is almost dead.
You aren't carrying any potions.
Okay, then.
Reach: a) +0 spear
Press: ? - help, Dir - move target, f/p - Terence
Aim: Terence, wielding a +0 falchion and wearing a +0 scale mail (almost dead, about 30% to evade your +0 spear)
You reach to attack!
You hit Terence but do no damage.
Terence is almost dead.
A hobgoblin comes into view.
The hobgoblin shouts!
Reach: a) +0 spear
Press: ? - help, Dir - move target, f/p - Terence
Aim: Terence, wielding a +0 falchion and wearing a +0 scale mail (almost dead, about 30% to evade your +0 spear)
You reach to attack!
You hit Terence but do no damage.
Terence is almost dead.
You feel yourself slow down.
You completely miss Terence.
Terence is almost dead.
Terence hits you with a +0 falchion.
* * * LOW HITPOINT WARNING * * *
You barely miss Terence. You punch Terence, but do no damage.
Terence is almost dead.
Terence hits you with a +0 falchion.
* * * LOW HITPOINT WARNING * * *
You hit Terence but do no damage.
Terence is almost dead.
Terence hits you with a +0 falchion.
* * * LOW HITPOINT WARNING * * *
You barely miss Terence.
Terence is almost dead.
You hit Terence.
Terence is almost dead.
Terence misses you.
You hit Terence but do no damage.
Terence is almost dead.
Terence hits you with a +0 falchion!
You die...

########### #########
#.........# #.......#
#.........#
#.......########.........#
#..............#.........#
#######........#.........#
##########........#......รท..#
.........'.....@@g'...>.....#
........##........#.........#
..#####.##........#.........#
..# #.##........########'##
..# #.##........# #.#
..#####'##........# #.#
..##......######### #.#
.)##......'.....##########)#
#.##......#####..........#.#


You could see Terence and a hobgoblin.

Vanquished Creatures
  Natasha (thrice) (D:2)
  2 adders (D:2)
  A worm (D:2)
  A dart slug (D:2)
  4 ball pythons (D:1)
  2 bats (D:2)
  3 endoplasms
  A giant cockroach (D:1)
  6 goblins
  4 hobgoblins
  2 quokkas (D:2)
  4 kobolds
  3 rats
36 creatures vanquished.

Notes
Turn   | Place    | Note
-------+----------+-------------------------------------------
     0 | D:1      | Gabide the Human Monk began the quest for the Orb.
     0 | D:1      | Reached XP level 1. HP: 18/18 MP: 1/1
   145 | D:1      | Reached XP level 2. HP: 24/24 MP: 2/2
   602 | D:1      | Found a faded altar of an unknown god.
  1009 | D:2      | Reached XP level 3. HP: 29/29 MP: 3/3
  1537 | D:2      | Noticed Natasha
  1573 | D:2      | Killed Natasha
  1574 | D:2      | Reached XP level 4. HP: 27/37 MP: 4/4
  1601 | D:2      | Noticed Natasha
  1644 | D:2      | Killed Natasha
  1904 | D:2      | Noticed Natasha
  1915 | D:2      | Killed Natasha
  1916 | D:2      | Reached XP level 5. HP: 42/42 MP: 5/5
  2097 | D:2      | Noticed Terence
  2186 | D:2      | HP: 1/42 [Terence/+0 falchion (4)]
  2189 | D:2      | Mangled by Terence

Illustrated notes

Levels and vault maps discovered:
D:1:      lemuel_arrival_tunnels, layout_basic,
          hellmonk_ecumenical_altar_run_dry, skrybe_limestone_x,
          serial_bayou_lake_a
D:2:      layout_basic, minmay_hexomino_u4, uniq_terence, uniq_natasha

Skill      XL: |  1  2  3  4 |
---------------+-------------+-----
Fighting       | 4 |  4.1
Polearms       | 4 |  4.0
Dodging        | 4 |  4.0
Stealth        | |  2.0

Action                   |  1- 3 |  4- 6 || total
-------------------------+-------+-------++-------
Melee: Spear             |   130 |    88 ||   218
       Punch             |     5 |     1 ||     6
Throw: Throwing net      |     1 |     2 ||     3
  Use: Scroll            |     1 |       ||     1
       Potion            |       |     3 ||     3
 Stab: Sleeping          |     5 |       ||     5
       Held in net/web   |     5 |     4 ||     9
Armor: Robe              |     6 |     3 ||     9
       Skin              |       |    15 ||    15
Dodge: Dodged            |    59 |    36 ||    95
